 Dungeon Crawl Stone Soup version 0.26.1-10-gdfb7c7de75 (webtiles) character file.

Game seed: 13737397945120900609

1389 DearestLeader the Covert (level 8, 0/36 HPs)
             Began as a Spriggan Enchanter on Mar 31, 2021.
             Was a Follower of Dithmenos.
             Splashed by Harold's acid (12 damage)
             ... on level 7 of the Dungeon.
             The game lasted 00:15:22 (9401 turns).

DearestLeader the Covert (Spriggan Enchanter)       Turns: 9401, Time: 00:15:24

Health: 0/36       AC: -1    Str:  4    XL:     8   Next: 40%
Magic:  9/13       EV: 18    Int: 19    God:    Dithmenos [*.....]
Gold:   307        SH:  0    Dex: 16    Spells: 3/12 levels left

rFire    . . .     SeeInvis +   B - +0 dagger (elec)
rCold    . . .     Faith    .   (shield restricted)
rNeg     . . .     Spirit   .   b - +0 robe
rPois    .         Reflect  .   (helmet restricted)
rElec    .         Harm     .   y - +0 cloak
rCorr    .         Rampage  .   (gloves unavailable)
Will     +....                  (boots unavailable)
Stlth    +++++.....             (no amulet)
HPRegen  0.12/turn              (no ring)
MPRegen  0.13/turn              (no ring)

@: corroded, wreathed by umbra, very quick
A: very small, unfitting armour, see invisible, speed 3
a: Renounce Religion


You were on level 7 of the Dungeon.
You worshipped Dithmenos.
Dithmenos was aware of your devotion.
You visited 1 branch of the dungeon, and saw 7 of its levels.

You collected 307 gold pieces.

Inventory:

Hand Weapons
 p - a +0 hunting sling
 t - a +0 short sword of venom
 B - a +0 dagger of electrocution (weapon)
Missiles
 c - 83 sling bullets
 h - 9 poisoned darts (quivered)
Armour
 b - a +0 robe (worn)
 y - a +0 cloak (worn)
Wands
 z - a wand of iceblast (8)
Scrolls
 d - 4 scrolls of remove curse
 i - 3 scrolls of amnesia
 k - 3 scrolls of blinking
 m - 2 scrolls of teleportation
Potions
 g - 4 potions of lignification
 j - 3 potions of brilliance
 l - 3 potions of mutation {unknown}
 n - a potion of resistance {unknown}
 o - 3 potions of curing
 q - a potion of degeneration {unknown}
 r - 2 potions of flight {unknown}
 s - 3 potions of heal wounds {unknown}
 u - 3 potions of haste {unknown}
 v - a potion of berserk rage
 A - a potion of might {unknown}


   Skills:
 * Level 8.5 Short Blades
 - Level 3.0 Dodging
 + Level 9.5 Stealth
 + Level 2.8 Spellcasting
 + Level 6.0 Hexes


You had 3 spell levels left.
You knew the following spells:

 Your Spells              Type           Power        Failure   Level
a - Corona                Hex            27%          1%          1
b - Ensorcelled Hibernat  Hex/Ice        28%          7%          2
c - Confusing Touch       Hex            25%          3%          3
d - Dazzling Flash        Conj/Hex       28%          13%         3

Your spell library contained the following spells:

 Spells                   Type           Power        Failure   Level
 Tukima's Dance           Hex            25%          3%          3


Dungeon Overview and Level Annotations

Branches:
Dungeon (7/15)             Temple (0/1) D:4

Altars:
Ashenzari
Cheibriados
Dithmenos
Elyvilon
Hepliaklqana
Okawaru
Ru
Trog
Wu Jian
Xom
Yredelemnul

Annotations:
D:7 Harold


Innate Abilities, Weirdness & Mutations

You are very small and have problems with some larger weapons.
You are too small for most types of armour.
You have supernaturally acute eyesight. (SInv)
You cover ground extremely quickly.


Message History

You spit the bullfrog like a pig!!!
You kill the bullfrog!
Dithmenos accepts your kill.
Casting: Ensorcelled Hibernation (safe; 7% risk of failure)
Confirm with . or Enter, or press ? or * to list all spells.
Aiming: Ensorcelled Hibernation (safe; 7% risk of failure)
Press: ? - help, Shift-Dir - straight line, f - ooze
Aim: an ooze (chance to affect: 45%)
The ooze looks drowsy...
The helpless ooze fails to defend itself.
You skewer the ooze like a kebab!!! Lightning courses through the ooze!
You kill the ooze!
Dithmenos accepts your kill.
Harold zaps a wand.
The bolt of acid hits the adder!!
The adder is splashed with acid.
The adder dies!
The bolt of acid hits you!!
Ouch! That really hurt!
The acid corrodes you!
You are splashed with acid!
You die...

..# #.# #.# #.#...# #.#
#.#...# ...###.# #.#...# #.
.. ...# ### #.#...#
#.#.##.###.######.###.#...#
.l........@..†.@.........#
#.##..##Z######.........####
#..^.....# #......<.....#
#......Z.# #)....####...#
.##...S.# #.....####...##
..##....#### #..............
........#.@...#
#.....########.
.....#........# #.#####
..............# #.#


You could see Harold and a centaur zombie.

Vanquished Creatures
  An orc warrior (D:6)
  A centaur (D:6)
  A bullfrog (D:7)
  5 scorpions
  5 killer bees
  A bullfrog skeleton (D:5)
  A jelly (D:6)
  An orc priest (D:5)
  8 orc wizards
  A centaur skeleton (D:5)
  2 iguanas (D:4)
  2 worker ants
  A worker ant zombie (D:6)
  5 gnolls
  4 adders
  2 white imps (D:5)
  3 oozes
  An adder zombie (D:6)
  An adder skeleton (D:6)
  4 worms
  A dart slug (D:2)
  2 leopard geckos
  17 orcs
  8 bats
  2 giant cockroaches (D:2)
  12 goblins
  7 hobgoblins
  6 jackals
  12 kobolds
  2 ball pythons
  4 frilled lizards
  A jackal zombie (D:6)
  A leopard gecko zombie (D:5)
  7 rats
  A spectral orc (D:2)
133 creatures vanquished.

Vanquished Creatures (others)
  An adder (D:7)
1 creature vanquished.

Grand Total: 134 creatures vanquished

Notes
Turn   | Place    | Note
-------+----------+-------------------------------------------
     0 | D:1      | DearestLeader the Spriggan Enchanter began the quest for
                  | the Orb.
     0 | D:1      | Reached XP level 1. HP: 9/9 MP: 5/5
   443 | D:1      | Reached XP level 2. HP: 11/13 MP: 4/6
   451 | D:1      | Learned a level 2 spell: Ensorcelled Hibernation
  1039 | D:1      | Reached skill level 5 in Stealth
  1087 | D:1      | Reached XP level 3. HP: 16/16 MP: 8/8
  1189 | D:2      | Learned a level 3 spell: Confusing Touch
  1751 | D:2      | Reached XP level 4. HP: 21/21 MP: 6/9
  2179 | D:2      | Found a sacrificial altar of Ru.
  2535 | D:2      | Found a basalt altar of Yredelemnul.
  2759 | D:2      | Found a white marble altar of Elyvilon.
  2968 | D:3      | Reached skill level 6 in Stealth
  3467 | D:3      | Reached XP level 5. HP: 24/24 MP: 10/10
  4227 | D:3      | Found a shimmering altar of Xom.
  4227 | D:3      | Found a shadowy altar of Dithmenos.
  4232 | D:3      | Became a worshipper of Dithmenos the Shadowed
  4362 | D:4      | Reached skill level 5 in Short Blades
  4415 | D:4      | Found a staircase to the Ecumenical Temple.
  4427 | D:4      | Reached XP level 6. HP: 28/28 MP: 6/11
  4431 | D:4      | Learned a level 3 spell: Dazzling Flash
  4499 | D:4      | Reached skill level 7 in Stealth
  5417 | D:4      | Found an iron altar of Okawaru.
  5417 | D:4      | Found a bloodstained altar of Trog.
  5631 | D:5      | Entered Level 5 of the Dungeon
  5803 | D:5      | Reached XP level 7. HP: 21/32 MP: 0/12
  6527 | D:5      | Reached * piety under Dithmenos
  6546 | D:4      | Reached skill level 8 in Stealth
  6849 | D:5      | Found a broken altar of Ashenzari.
  6883 | D:5      | Found a snail-covered altar of Cheibriados.
  7254 | D:5      | Found a hazy altar of Hepliaklqana.
  7870 | D:6      | Reached skill level 5 in Hexes
  8415 | D:6      | Reached XP level 8. HP: 26/36 MP: 10/13
  8465 | D:6      | Reached skill level 9 in Stealth
  9039 | D:6      | Found an ornate altar of the Wu Jian Council.
  9374 | D:7      | Noticed Harold
  9401 | D:7      | Splashed by Harold's acid

Illustrated notes

Levels and vault maps discovered:
D:1:      nicolae_arrival_memento_mori, layout_loops_cross
D:2:      layout_basic, yredelemnul_forgotten_temple_becter, marbit_many_paths,
          lemuel_round_altar, st_stairs_4
D:3:      cheibrodos_helix_gallery, layout_basic, gammafunk_temple_overflow_wave
D:4:      corexii_shack_village, layout_loops_ring,
          grunt_temple_overflow_bloody_war, minmay_temple_entry_glass,
          kennysheep_generic_room_13
D:5:      layout_loops_corners, kennysheep_mini_moat,
          nicolae_ashenzari_panopticon, nzn_hepliaklqana_mist_gate
D:6:      layout_basic, nzn_wu_jian_contemplation,
          hangedman_abyss_or_decor_passed
D:7:      layout_basic, kennysheep_mini, lemuel_round_altar,
          gammafunk_ghost_arena, kennysheep_generic_room_10, uniq_harold

Skill      XL: |  1  2  3  4  5  6  7  8 |
---------------+-------------------------+-----
Short Blades   | 2 3 4 5 6 7 8 |  8.5
Hexes          | 4 5 6 |  6.0
Stealth        | 5 6 7 8 9 |  9.5
Dodging        | |  3.0
Spellcasting   | |  2.8

Action                   |  1- 3 |  4- 6 |  7- 9 || total
-------------------------+-------+-------+-------++-------
Melee: Dagger            |   113 |   118 |     5 ||   236
       Short sword       |       |    51 |   103 ||   154
 Fire: Hunting sling     |       |       |    13 ||    13
Throw: Dart              |     9 |    12 |     4 ||    25
 Cast: Corona            |    14 |     2 |     2 ||    18
       Ensorcelled Hiber |    16 |    46 |    38 ||   100
       Confusing Touch   |     1 |     3 |     3 ||     7
  Use: Scroll            |       |     4 |     6 ||    10
 Stab: Sleeping          |    16 |    36 |    25 ||    77
       Confused          |     1 |     1 |     4 ||     6
       Distracted        |       |       |     1 ||     1
Armor: Robe              |    14 |    13 |     7 ||    34
Dodge: Dodged            |   110 |   136 |    98 ||   344
